 Dungeon Crawl Stone Soup version 0.21.1-1-g345015f (webtiles) character file.

11533 pk666 the Thaumaturge (level 11, -20/54 HPs)
             Began as a Deep Elf Wizard on Feb 15, 2018.
             Was a Follower of Vehumet.
             Demolished by a white ugly thing (26 damage)
             ... on level 11 of the Dungeon.
             The game lasted 01:04:38 (17769 turns).

pk666 the Thaumaturge (Deep Elf Wizard)            Turns: 17769, Time: 01:04:38

Health: -20/54     AC:  8    Str:  4    XL:     11   Next: 50%
Magic:  8/29       EV: 20    Int: 27    God:    Vehumet [*.....]
Gold:   403        SH:  0    Dex: 13    Spells: 22/35 levels left

rFire    + . .     SeeInvis .   a - staff of energy
rCold    . . .     Gourm    .   (no shield)
rNeg     . . .     Faith    .   H - +2 robe {rF+}
rPois    .         Spirit   .   e - +1 hat
rElec    .         Reflect  .   (no cloak)
rCorr    .         Harm     .   R - +2 pair of gloves
MR       +....                  (no boots)
Stlth    ++........             (no amulet)
HPRegen  0.18/turn              D - ring of wizardry
MPRegen  0.21/turn              w - +4 ring of evasion

@: no status effects
A: no striking features
a: Renounce Religion


You were on level 11 of the Dungeon.
You worshipped Vehumet.
Vehumet was aware of your devotion.
You were not hungry.

You visited 2 branches of the dungeon, and saw 12 of its levels.

You collected 523 gold pieces.
You spent 120 gold pieces at shops.

Inventory:

Hand Weapons
 b - a +1 dagger of speed
Armour
 e - a +1 hat (worn)
 H - a +2 robe of fire resistance (worn)
 R - a +2 pair of gloves (worn)
Magical Staves
 a - an uncursed staff of energy (weapon)
Jewellery
 n - an uncursed ring of resist corrosion
 w - a +4 ring of evasion (right hand)
 x - an uncursed ring of fire
 D - a ring of wizardry (left hand)
 E - an uncursed ring of protection from fire
Wands
 t - a wand of disintegration (29)
 A - a wand of flame (43)
 M - a wand of digging (7)
 P - a wand of paralysis (6)
Scrolls
 h - 10 scrolls of identify
 j - 3 scrolls of random uselessness {unknown}
 k - 4 scrolls of enchant armour
 l - 5 scrolls of teleportation
 o - 2 scrolls of fog
 u - 3 scrolls of fear {unknown}
 v - 2 scrolls of amnesia
 y - a scroll of magic mapping {unknown}
 z - a scroll of silence {unknown}
 C - 2 scrolls of remove curse
 J - a scroll of enchant weapon {unknown}
 L - a scroll of blinking
 N - a scroll of acquirement {unknown}
 O - a scroll of immolation {unknown}
Potions
 f - 5 potions of lignification {unknown}
 g - 2 potions of invisibility
 i - a potion of magic {unknown}
 m - 4 potions of heal wounds
 p - a potion of degeneration {unknown}
 q - 2 potions of agility {unknown}
 s - 6 potions of curing
 G - 4 potions of haste {unknown}
 Q - 2 potions of ambrosia {unknown}
Books
 c - a book of Minor Magic

   Spells                             Type                      Level
   a - Magic Dart                     Conjuration                  1
   b - Blink                          Translocation                2
   c - Call Imp                       Summoning                    2
   d - Slow                           Hexes                        2
   e - Conjure Flame                  Conjuration/Fire             3
   f - Mephitic Cloud                 Conjuration/Poison/Air       3
 B - a book of Frost

   Spells                             Type                      Level
   a - Freeze                         Ice                          1
   b - Throw Frost                    Conjuration/Ice              2
   c - Ozocubu's Armour               Charms/Ice                   3
   d - Throw Icicle                   Conjuration/Ice              4
   e - Summon Ice Beast               Ice/Summoning                4
 F - a book of Maledictions

   Spells                             Type                      Level
   a - Corona                         Hexes                        1
   b - Ensorcelled Hibernation        Hexes/Ice                    2
   c - Confuse                        Hexes                        3
   d - Tukima's Dance                 Hexes                        3
   e - Dazzling Spray                 Conjuration/Hexes            3
 I - a Young Poisoner's Handbook

   Spells                             Type                      Level
   a - Sting                          Conjuration/Poison           1
   b - Poisonous Vapours              Poison/Air                   2
   c - Mephitic Cloud                 Conjuration/Poison/Air       3
   d - Olgreb's Toxic Radiance        Poison                       4
   e - Venom Bolt                     Conjuration/Poison           5
 K - a book of Conjurations

   Spells                             Type                      Level
   a - Magic Dart                     Conjuration                  1
   b - Searing Ray                    Conjuration                  2
   c - Dazzling Spray                 Conjuration/Hexes            3
   d - Fulminant Prism                Conjuration/Hexes            4
   e - Force Lance                    Conjuration/Translocation    4
   f - Iskenderun's Mystic Blast      Conjuration                  4
Miscellaneous
 r - a lamp of fire
Comestibles
 d - 22 rations


   Skills:
 + Level 7.2 Dodging
 - Level 2.4 Stealth
 * Level 12.9 Spellcasting
 * Level 10.6 Conjurations
   Level 1.1 Summonings
 - Level 1.1 Translocations
 * Level 10.3 Fire Magic
 - Level 2.0 Air Magic
 - Level 5.1 Poison Magic


You had 22 spell levels left.
You knew the following spells:

 Your Spells              Type           Power        Failure   Level  Hunger
a - Magic Dart            Conj           ####         1%          1    None
b - Blink                 Tloc           N/A          1%          2    None
c - Olgreb's Toxic Radia  Pois           #####...     1%          4    None
d - Conjure Flame         Conj/Fire      ######..     1%          3    None
z - Mephitic Cloud        Conj/Pois/Air  #####...     1%          3    None


Dungeon Overview and Level Annotations

Branches:
Dungeon (11/15)            Temple (1/1) D:4             Orc (0/2) D:10
   Lair: D:8-11

Altars:
Ashenzari
Cheibriados
Dithmenos
Elyvilon
Fedhas
Gozag
Hepliaklqana
Kikubaaqudgha
Makhleb
Nemelex Xobeh
Okawaru
Qazlal
Ru
Sif Muna
Trog
Uskayaw
Vehumet
Wu Jian
Xom
Yredelemnul
Zin
The Shining One

Shops:
D:6 ?(*

Annotations:
D:5 Menkaure


Message History

Casting: Conjure Flame
Confirm with . or Enter, or press ? or * to list all spells.
Aiming: Conjure Flame
Press: ? - help, Dir - move target cursor The fire ignites!
Casting: Conjure Flame
Confirm with . or Enter, or press ? or * to list all spells.
Aiming: Mephitic Cloud
Press: ? - help, Shift-Dir - straight line, f - white ugly thing
Aim: a white ugly thing (flame, moderately wounded, poisoned)
The ball explodes into a vile cloud!
The stinking cloud engulfs the white ugly thing.
The white ugly thing is moderately wounded.
You hear a bellow!
The white ugly thing is engulfed in blazing flames.
The white ugly thing is engulfed in noxious fumes.
The white ugly thing kicks you.
* * * LOW HITPOINT WARNING * * *
The white ugly thing freezes you!!
You die...

#....#...#
#....#...#
#....#...#
#....'...#
. #§§<..#
..
#§#####...
#§§.......
#.u.......
#.@.......
#..)...###
#...:..#
####...#
...# ...#
..# ..#


You could see a white ugly thing.

Vanquished Creatures
  Erolcha (D:8)
  Erica (D:9)
  3 two-headed ogres (D:9)
  An ugly thing (D:9)
  A cyclops (D:11)
  A centaur zombie (D:10)
  Joseph (D:7)
  A troll (D:6)
  A hornet (D:8)
  A yak (D:7)
  3 hogs (D:7)
  A wyvern (D:10)
  Grum (D:8)
  A human (D:7)
  2 water moccasins
  4 orc warriors
  2 sky beasts
  3 black bears
  2 phantoms
  An eye of draining (D:7)
  8 ogres
  2 wolves (D:8)
  3 centaurs
  2 crocodiles (D:10)
  The ghost of Monsterracer the Insei, an amateur OpTm (D:5)
  A gnoll sergeant (D:9)
  6 bullfrogs
  A wyvern zombie (D:9)
  4 elf skeletons (D:6)
  6 scorpions
  A water moccasin zombie (D:6)
  8 killer bees
  7 wights
  3 howler monkeys (D:8)
  2 crimson imps
  3 bullfrog zombies
  5 hounds
  6 orc priests
  4 bullfrog skeletons
  8 orc wizards
  4 iguanas
  6 worker ants
  2 hound skeletons
  9 adders
  4 gnolls (D:9)
  2 howler monkey skeletons (D:6)
  3 shadow imps
  2 adder skeletons
  5 worms
  12 leopard geckos
  38 orcs
  9 bats
  6 giant cockroaches
  6 goblins
  14 hobgoblins
  10 jackals
  5 quokkas
  2 ball pythons
  7 frilled lizards
  15 kobolds
  A leopard gecko zombie (D:7)
  2 orc zombies (D:6)
  A quokka skeleton (D:7)
  11 rats
289 creatures vanquished.

Notes
Turn   | Place    | Note
-------+----------+-------------------------------------------
     0 | D:1      | pk666 the Deep Elf Wizard began the quest for the Orb.
     0 | D:1      | Reached XP level 1. HP: 10/10 MP: 7/7
   282 | D:1      | Reached XP level 2. HP: 15/15 MP: 6/9
   606 | D:1      | Reached skill level 5 in Spellcasting
   861 | D:1      | Reached XP level 3. HP: 19/19 MP: 8/11
   865 | D:1      | Learned a level 2 spell: Blink
   869 | D:1      | Learned a level 3 spell: Mephitic Cloud
   873 | D:1      | Learned a level 3 spell: Conjure Flame
  1500 | D:2      | Reached skill level 1 in Air Magic
  1500 | D:2      | Reached XP level 4. HP: 24/24 MP: 7/13
  1813 | D:2      | Found a stormy altar of Qazlal.
  2250 | D:3      | Reached skill level 1 in Fire Magic
  2357 | D:3      | Reached skill level 1 in Poison Magic
  3108 | D:3      | Reached XP level 5. HP: 28/28 MP: 8/14
  3565 | D:3      | Found a bloodstained altar of Trog.
  4040 | D:4      | Reached XP level 6. HP: 32/32 MP: 12/16
  4596 | D:4      | Reached skill level 6 in Spellcasting
  4868 | D:4      | Found a blossoming altar of Fedhas.
  4939 | D:4      | Found a staircase to the Ecumenical Temple.
  4990 | Temple   | Entered the Ecumenical Temple
  5463 | D:5      | Entered Level 5 of the Dungeon
  5467 | D:5      | Found an ornate altar of the Wu Jian Council.
  5492 | D:5      | Found a glowing silver altar of Zin.
  5586 | D:5      | Noticed Monsterracer's ghost (amateur OpTm)
  5850 | D:5      | Killed Monsterracer's ghost
  5850 | D:5      | Reached XP level 7. HP: 10/36 MP: 0/18
  6323 | D:5      | Noticed Menkaure
  7284 | D:6      | Reached skill level 7 in Spellcasting
  7376 | D:6      | Found Afeech's General Store.
  7379 | D:6      | Bought a potion of curing for 39 gold pieces
  7379 | D:6      | Bought a scroll of teleportation for 39 gold pieces
  7485 | D:6      | Reached skill level 5 in Conjurations
  7569 | D:6      | Found a sacrificial altar of Ru.
  7569 | D:6      | Found a snail-covered altar of Cheibriados.
  7570 | D:6      | Found a hazy altar of Hepliaklqana.
  7597 | D:6      | Reached XP level 8. HP: 40/41 MP: 2/21
  7817 | D:6      | Found Jyluroor's Magic Scroll Boutique.
  7870 | D:6      | Bought a scroll of amnesia for 42 gold pieces
  7973 | D:6      | Found Voffif's Antique Weapon Shop.
  8076 | D:6      | Reached skill level 8 in Spellcasting
  8078 | D:6      | Noticed a troll
  8085 | D:6      | Reached skill level 5 in Fire Magic
  8088 | D:6      | Killed a troll
  8088 | D:6      | Reached skill level 5 in Dodging
  8781 | D:7      | Reached skill level 9 in Spellcasting
  8830 | D:7      | Reached XP level 9. HP: 38/45 MP: 0/24
  9835 | D:7      | Reached skill level 10 in Spellcasting
 10285 | D:7      | Noticed Joseph
 10309 | D:7      | Killed Joseph
 10799 | D:8      | Found a radiant altar of Vehumet.
 10807 | D:8      | Became a worshipper of Vehumet
 11273 | D:8      | Noticed Grum
 11408 | D:8      | Reached XP level 10. HP: 50/50 MP: 19/26
 11423 | D:8      | Reached skill level 11 in Spellcasting
 11540 | D:8      | Killed Grum
 12234 | D:8      | Learned a level 4 spell: Olgreb's Toxic Radiance
 12323 | D:8      | Found a shadowy altar of Dithmenos.
 12598 | D:8      | Reached * piety under Vehumet
 12598 | D:8      | Offered knowledge of Flame Tongue by Vehumet.
 12969 | D:8      | Found a shimmering altar of Xom.
 13094 | D:9      | Noticed Erolcha
 13113 | D:8      | Killed Erolcha
 13387 | D:9      | Noticed Erica
 13413 | D:9      | Killed Erica
 13780 | D:9      | Reached skill level 12 in Spellcasting
 14348 | D:9      | Noticed a two-headed ogre
 14365 | D:9      | Killed a two-headed ogre
 14365 | D:9      | Reached XP level 11. HP: 54/54 MP: 4/29
 14627 | D:9      | Noticed a two-headed ogre
 14656 | D:9      | Killed a two-headed ogre
 14656 | D:9      | Reached skill level 10 in Conjurations
 14656 | D:9      | Reached skill level 5 in Poison Magic
 14765 | D:9      | Found a white marble altar of Elyvilon.
 14923 | D:9      | Found a shimmering altar of Xom.
 15058 | D:9      | Noticed a purple ugly thing
 15073 | D:9      | Killed a purple ugly thing
 15272 | D:9      | Found a shattered altar of Ashenzari.
 15343 | D:9      | Noticed a two-headed ogre
 15355 | D:9      | Killed a two-headed ogre
 15600 | D:10     | Entered Level 10 of the Dungeon
 15714 | D:10     | Reached skill level 10 in Fire Magic
 17046 | D:10     | Offered knowledge of Sandblast by Vehumet.
 17131 | D:10     | Found a staircase to the Orcish Mines.
 17760 | D:11     | Noticed a white ugly thing
 17769 | D:11     | Demolished by a white ugly thing

Skill      XL: |  1  2  3  4  5  6  7  8  9 10 11 |
---------------+----------------------------------+-----
Conjurations   | 2 3 4 5 6 8 9 10 | 10.6
Spellcasting   | 5 6 7 9 10 12 | 12.9
Dodging        | 3 4 5 6 7 |  7.2
Air Magic      | 1 2 |  2.0
Fire Magic     | 1 2 4 6 8 9 10 | 10.3
Poison Magic   | 1 2 3 4 5 |  5.1
Stealth        | |  2.4
Summonings     | |  1.1
Translocations | |  1.1

Action                   |  1- 3 |  4- 6 |  7- 9 | 10-12 || total
-------------------------+-------+-------+-------+-------++-------
Melee: Dagger            |       |     7 |     1 |     7 ||    15
       Staff             |       |       |     8 |    10 ||    18
 Cast: Magic Dart        |   103 |   193 |   408 |   351 ||  1055
       Mephitic Cloud    |       |     8 |    25 |    20 ||    53
       Conjure Flame     |       |     4 |    33 |    40 ||    77
       Blink             |       |     2 |     4 |    12 ||    18
       Olgreb's Toxic Ra |       |       |       |    54 ||    54
  Use: Scroll            |       |     6 |       |       ||     6
       Potion            |       |       |     1 |       ||     1
 Stab: Confused          |       |       |     1 |       ||     1
  Eat: Chunk             |     2 |    10 |     9 |    16 ||    37
       Ration            |       |     1 |     2 |     1 ||     4
Armor: Robe              |     1 |     2 |     9 |     7 ||    19
Dodge: Dodged            |     9 |    20 |    70 |    97 ||   196
